| TOP OF THE 1ST |
|
Detroit Tigers batting - Pitching for Toronto Blue Jays : RHP Larry Legros
|
|
Pitching: RHP Larry Legros
|
|
|
Batting: RHB Greg Harman
|
0-0: Called Strike 0-1: Foul Ball, location: 2F 0-2: Ball 1-2: Strikes out looking
|
|
Batting: LHB Morgan Black
|
0-0: Called Strike 0-1: Foul Ball, location: 2F 0-2: Strikes out looking
|
|
Batting: RHB Randy Shrewsbury
|
0-0: Ball 1-0: Ball 2-0: Swinging Strike 2-1: Fly out, F4 (Popup, 3S, EV 76.9 MPH)
|
| Top of the 1st over - 0 runs, 0 hits, 0 errors, 0 left on base; Detroit 0 - Toronto 0 |
| BOTTOM OF THE 1ST |
|
Toronto Blue Jays batting - Pitching for Detroit Tigers : RHP Ryan Sobocinski
|
|
Pitching: RHP Ryan Sobocinski
|
|
|
Batting: LHB Jon Schick
|
0-0: Foul Ball, location: 2F 0-1: Ball 1-1: Swinging Strike 1-2: Ball 2-2: Strikes out swinging
|
|
Batting: RHB Shigem Kubo
|
0-0: Ball 1-0: Ball 2-0: DOUBLE (Groundball, 3L, EV 96.3 MPH)
|
|
Batting: RHB Ruben Velasco
|
0-0: Ball 1-0: Ball 2-0: Called Strike 2-1: Swinging Strike 2-2: Foul Ball, location: 2F 2-2: Foul Ball, location: 2F 2-2: Foul Ball, location: 2F 2-2: Foul Ball, location: 2F 2-2: Strikes out looking
|
|
Batting: RHB Kirk Arp
|
0-0: Ball 1-0: Ball 2-0: Ground out 6-3 (Groundball, 6, EV 88.1 MPH)
|
| Bottom of the 1st over - 0 runs, 1 hit, 0 errors, 1 left on base; Detroit 0 - Toronto 0 |
| TOP OF THE 2ND |
|
Detroit Tigers batting - Pitching for Toronto Blue Jays : RHP Larry Legros
|
|
Batting: LHB Tyler Davis
|
0-0: Called Strike 0-1: Swinging Strike 0-2: Ball 1-2: Ball 2-2: Strikes out swinging
|
|
Batting: LHB Brad Turner
|
0-0: Ball 1-0: Ball 2-0: Ball 3-0: Called Strike 3-1: Foul Ball, location: 2F 3-2: Foul Ball, location: 2F 3-2: Strikes out swinging
|
|
Batting: RHB Luke Feeney
|
0-0: Swinging Strike 0-1: Foul Ball, location: 2F 0-2: Foul Ball, location: 2F 0-2: Foul Ball, location: 2F 0-2: Ball 1-2: Strikes out looking
|
| Top of the 2nd over - 0 runs, 0 hits, 0 errors, 0 left on base; Detroit 0 - Toronto 0 |
| BOTTOM OF THE 2ND |
|
Toronto Blue Jays batting - Pitching for Detroit Tigers : RHP Ryan Sobocinski
|
|
Batting: RHB Adam Burke
|
0-0: Ball 1-0: Called Strike 1-1: Foul Ball, location: 2F 1-2: Ball 2-2: Foul Ball, location: 2F 2-2: Foul Ball, location: 2F 2-2: Ball 3-2: Ground out 4-3 (Groundball, 34, EV 85.0 MPH)
|
|
Batting: LHB Isto Mäyrä
|
0-0: Ball 1-0: Called Strike 1-1: Ball 2-1: Ball 3-1: Foul Ball, location: 2F 3-2: Base on Balls
|
|
Batting: RHB Cole Zelinski
|
0-0: Ball 1-0: Foul Ball, location: 2F 1-1: Ball 2-1: Foul Ball, location: 2F 2-2: Ball 3-2: Grounds into double play, 4-6-3 (Groundball, 4, EV 80.0 MPH)
|
| Bottom of the 2nd over - 0 runs, 0 hits, 0 errors, 0 left on base; Detroit 0 - Toronto 0 |
| TOP OF THE 3RD |
|
Detroit Tigers batting - Pitching for Toronto Blue Jays : RHP Larry Legros
|
|
Batting: LHB Jordan Villa
|
0-0: Ball 1-0: Ground out 6-3 (Groundball, 6M, EV 83.1 MPH)
|
|
Batting: RHB Adrian Novakovic
|
0-0: Ball 1-0: Ground out 5-3 (Groundball, 56, EV 104.4 MPH)
|
|
Batting: RHB Danny Eberhart
|
0-0: Ball 1-0: Fly out, F9 (Flyball, 89D, EV 93.1 MPH)
|
| Top of the 3rd over - 0 runs, 0 hits, 0 errors, 0 left on base; Detroit 0 - Toronto 0 |
| BOTTOM OF THE 3RD |
|
Toronto Blue Jays batting - Pitching for Detroit Tigers : RHP Ryan Sobocinski
|
|
Batting: LHB Jesus Romero
|
0-0: Foul Ball, location: 2F 0-1: Called Strike 0-2: Strikes out swinging
|
|
Batting: RHB Jerry Jauregui
|
0-0: Called Strike 0-1: Ball 1-1: Called Strike 1-2: Foul Ball, location: 2F 1-2: Strikes out looking
|
|
Batting: LHB Jon Schick
|
0-0: Called Strike 0-1: Foul Ball, location: 2F 0-2: SINGLE (Groundball, 34D, EV 98.8 MPH)
|
|
Batting: RHB Shigem Kubo
|
0-0: Ball 1-0: Ball 2-0: Fielders Choice at 2nd, 5-4 (Groundball, 56, EV 101.9 MPH)
|
| Bottom of the 3rd over - 0 runs, 1 hit, 0 errors, 1 left on base; Detroit 0 - Toronto 0 |
| TOP OF THE 4TH |
|
Detroit Tigers batting - Pitching for Toronto Blue Jays : RHP Larry Legros
|
|
Batting: RHB Greg Harman
|
0-0: Ball 1-0: Foul Ball, location: 2F 1-1: Ground out 5-3 (Groundball, 56, EV 86.9 MPH)
|
|
Batting: LHB Morgan Black
|
0-0: Fly out, F4 (Popup, 3S, EV 83.1 MPH)
|
|
Batting: RHB Randy Shrewsbury
|
0-0: Reached on error, E5 (Groundball, 56, EV 88.1 MPH)
|
|
Batting: LHB Tyler Davis
|
0-0: Called Strike 0-1: Called Strike Randy Shrewsbury steals 2nd base (no throw) 0-2: Foul Ball, location: 2F 0-2: Fly out, F7 (Flyball, 7D, EV 78.1 MPH)
|
| Top of the 4th over - 0 runs, 0 hits, 1 error, 1 left on base; Detroit 0 - Toronto 0 |
| BOTTOM OF THE 4TH |
|
Toronto Blue Jays batting - Pitching for Detroit Tigers : RHP Ryan Sobocinski
|
|
Batting: RHB Ruben Velasco
|
0-0: Foul Ball, location: 2F 0-1: Foul Ball, location: 2F 0-2: Ball 1-2: Ball 2-2: Strikes out swinging
|
|
Batting: RHB Kirk Arp
|
0-0: SINGLE (Groundball, 6MD, EV 106.3 MPH)
|
|
Batting: RHB Adam Burke
|
0-0: Ball 1-0: Called Strike 1-1: Foul Ball, location: 2F 1-2: Ball 2-2: Ball Kirk Arp steals 2nd, throwing error, E2 Kirk Arp to third 3-2: DOUBLE (Flyball, 7D, EV 104.4 MPH) Kirk Arp scores
|
|
Batting: LHB Isto Mäyrä
|
0-0: Foul Ball, location: 2F 0-1: Swinging Strike 0-2: SINGLE (Line Drive, 9LS, EV 91.9 MPH) Adam Burke to third
|
|
Batting: RHB Cole Zelinski
|
0-0: Ball 1-0: Called Strike 1-1: Foul Ball, location: 2F 1-2: Ball 2-2: Strikes out swinging
|
|
Batting: LHB Jesus Romero
|
0-0: Ball 1-0: Fly out, F7 (Line Drive, 7, EV 93.1 MPH)
|
| Bottom of the 4th over - 1 run, 3 hits, 1 error, 2 left on base; Detroit 0 - Toronto 1 |
| TOP OF THE 5TH |
|
Detroit Tigers batting - Pitching for Toronto Blue Jays : RHP Larry Legros
|
|
Batting: LHB Brad Turner
|
0-0: Foul Ball, location: 2F 0-1: Foul Ball, location: 2F 0-2: Ball 1-2: Strikes out looking
|
|
Batting: RHB Luke Feeney
|
0-0: Ball 1-0: Called Strike 1-1: SOLO HOME RUN (Flyball, 8LXD, EV 106.3 MPH), Distance : 433 ft
|
|
Batting: LHB Jordan Villa
|
0-0: Ball 1-0: Called Strike 1-1: Fly out, F7 (Flyball, 7S, EV 88.8 MPH)
|
|
Batting: RHB Adrian Novakovic
|
0-0: Ground out 6-3 (Groundball, 6, EV 87.5 MPH)
|
| Top of the 5th over - 1 run, 1 hit, 0 errors, 0 left on base; Detroit 1 - Toronto 1 |
| BOTTOM OF THE 5TH |
|
Toronto Blue Jays batting - Pitching for Detroit Tigers : RHP Ryan Sobocinski
|
|
Batting: RHB Jerry Jauregui
|
0-0: Called Strike 0-1: Ball 1-1: Ground out 6-3 (Groundball, 6, EV 96.3 MPH)
|
|
Batting: LHB Jon Schick
|
0-0: Swinging Strike 0-1: SINGLE (Groundball, 34D, EV 95.0 MPH)
|
|
Batting: RHB Shigem Kubo
|
0-0: Ball Jon Schick steals 2nd base 1-0: Foul Ball, location: 2F 1-1: Ground out 6-3 (Groundball, 56, EV 96.9 MPH)
|
|
Batting: RHB Ruben Velasco
|
0-0: Called Strike 0-1: Ball 1-1: Foul Ball, location: 2F 1-2: Strikes out swinging
|
| Bottom of the 5th over - 0 runs, 1 hit, 0 errors, 1 left on base; Detroit 1 - Toronto 1 |
| TOP OF THE 6TH |
|
Detroit Tigers batting - Pitching for Toronto Blue Jays : RHP Larry Legros
|
|
Batting: RHB Danny Eberhart
|
0-0: Ball 1-0: Called Strike 1-1: Swinging Strike 1-2: Foul Ball, location: 2F 1-2: Ground out 6-3 (Groundball, 56, EV 82.5 MPH)
|
|
Batting: RHB Greg Harman
|
0-0: Ball 1-0: Foul Ball, location: 2F 1-1: Ball 2-1: Ball 3-1: Called Strike 3-2: Strikes out swinging
|
|
Batting: LHB Morgan Black
|
0-0: Called Strike 0-1: Called Strike 0-2: Ball 1-2: Fly out, F9 (Flyball, 9, EV 91.3 MPH)
|
| Top of the 6th over - 0 runs, 0 hits, 0 errors, 0 left on base; Detroit 1 - Toronto 1 |
| BOTTOM OF THE 6TH |
|
Toronto Blue Jays batting - Pitching for Detroit Tigers : RHP Ryan Sobocinski
|
|
Batting: RHB Kirk Arp
|
0-0: Foul Ball, location: 2F 0-1: Ball 1-1: Foul Ball, location: 2F 1-2: Strikes out swinging
|
|
Batting: RHB Adam Burke
|
0-0: Ball 1-0: Called Strike 1-1: Ball 2-1: Ground out 1-3 (Groundball, 13S, EV 61.3 MPH)
|
|
Batting: LHB Isto Mäyrä
|
0-0: Called Strike 0-1: Ball 1-1: Ball 2-1: Fly out, F8 (Line Drive, 8LD, EV 84.4 MPH)
|
| Bottom of the 6th over - 0 runs, 0 hits, 0 errors, 0 left on base; Detroit 1 - Toronto 1 |
| TOP OF THE 7TH |
|
Detroit Tigers batting - Pitching for Toronto Blue Jays : RHP Larry Legros
|
|
Batting: RHB Randy Shrewsbury
|
0-0: Ball 1-0: Fly out, F4 (Flyball, 4D, EV 85.6 MPH)
|
|
Batting: LHB Tyler Davis
|
0-0: Called Strike 0-1: Hit by Pitch
|
|
Batting: LHB Brad Turner
|
0-0: Ball 1-0: Ball 2-0: Foul Ball, location: 2F 2-1: Ball 3-1: Called Strike 3-2: Base on Balls Tyler Davis to second
|
|
Batting: RHB Luke Feeney
|
0-0: Fly out, F8 (Flyball, 78M, EV 75.0 MPH)
|
|
Batting: LHB Jordan Villa
|
0-0: Ball 1-0: Ball 2-0: Foul Ball, location: 2F 2-1: Swinging Strike 2-2: Foul Ball, location: 2F 2-2: Ball 3-2: Ground out 6-3 (Groundball, 4M, EV 85.0 MPH)
|
| Top of the 7th over - 0 runs, 0 hits, 0 errors, 2 left on base; Detroit 1 - Toronto 1 |
| BOTTOM OF THE 7TH |
|
Toronto Blue Jays batting - Pitching for Detroit Tigers : RHP Ryan Sobocinski
|
|
Batting: RHB Cole Zelinski
|
0-0: Called Strike 0-1: Ball 1-1: Foul Ball, location: 2F 1-2: SINGLE (Groundball, 56D, EV 95.0 MPH)
|
|
Pitching: RHP Jason Williams
|
|
|
Batting: LHB Jesus Romero
|
|
|
Pinch Hitting: SHB Matt Altieri
|
0-0: Ball 1-0: Ball Cole Zelinski steals 2nd base 2-0: Sac Bunt to 25 - play at first, batter OUT! 5-4 Cole Zelinski to third
|
|
Batting: RHB Jerry Jauregui
|
0-0: Ball 1-0: Ball 2-0: Foul Ball, location: 2F 2-1: Ground out 6-3 (Groundball, 6, EV 91.9 MPH)
|
|
Batting: LHB Jon Schick
|
0-0: Foul Ball, location: 2F 0-1: Fly out, F5 (Line Drive, 5, EV 72.5 MPH)
|
| Bottom of the 7th over - 0 runs, 1 hit, 0 errors, 1 left on base; Detroit 1 - Toronto 1 |
| TOP OF THE 8TH |
|
Detroit Tigers batting - Pitching for Toronto Blue Jays : RHP Larry Legros
|
|
Now at C: Matt Altieri
|
|
|
Now at 1B: Jerry Jauregui
|
|
|
Batting: RHB Adrian Novakovic
|
0-0: Ball 1-0: Ground out 5-3 (Groundball, 56, EV 91.3 MPH)
|
|
Batting: RHB Danny Eberhart
|
0-0: Foul Ball, location: 2F 0-1: Called Strike 0-2: Ball 1-2: Ground out 6-3 (Groundball, 4MS, EV 61.9 MPH)
|
|
Batting: RHB Greg Harman
|
0-0: Called Strike 0-1: SINGLE (Groundball, 34D, EV 106.3 MPH)
|
|
Batting: LHB Morgan Black
|
0-0: Foul Ball, location: 2F 0-1: Called Strike 0-2: Fielders Choice at 2nd, 6-4 (Groundball, 6, EV 101.3 MPH)
|
| Top of the 8th over - 0 runs, 1 hit, 0 errors, 1 left on base; Detroit 1 - Toronto 1 |
| BOTTOM OF THE 8TH |
|
Toronto Blue Jays batting - Pitching for Detroit Tigers : RHP Jason Williams
|
|
Pitching: RHP Eric Putnam
|
|
|
Batting: RHB Shigem Kubo
|
0-0: Called Strike 0-1: Swinging Strike 0-2: Strikes out swinging
|
|
Batting: RHB Ruben Velasco
|
0-0: Called Strike 0-1: Foul Ball, location: 2F 0-2: Strikes out looking
|
|
Batting: RHB Kirk Arp
|
0-0: Called Strike 0-1: Foul Ball, location: 2F 0-2: Ball 1-2: Strikes out swinging
|
| Bottom of the 8th over - 0 runs, 0 hits, 0 errors, 0 left on base; Detroit 1 - Toronto 1 |
| TOP OF THE 9TH |
|
Detroit Tigers batting - Pitching for Toronto Blue Jays : RHP Larry Legros
|
|
Pitching: LHP Katsumi Omura
|
|
|
Batting: RHB Randy Shrewsbury
|
0-0: Foul Ball, location: 2F 0-1: Ball 1-1: Swinging Strike 1-2: Ball 2-2: Foul Ball, location: 2F 2-2: Strikes out swinging
|
|
Batting: RHB Dave Reynolds
|
0-0: Ball 1-0: Swinging Strike 1-1: Ball 2-1: Ball 3-1: Base on Balls
|
|
Batting: LHB Brad Turner
|
0-0: Ball 1-0: Ball 2-0: Called Strike 2-1: Ball 3-1: Base on Balls Dave Reynolds to second
|
|
Batting: RHB Luke Feeney
|
0-0: Called Strike 0-1: Ball 1-1: Foul Ball, location: 2F 1-2: Ball 2-2: Strikes out looking
|
|
Batting: LHB Jordan Villa
|
0-0: Called Strike 0-1: Swinging Strike 0-2: Ball 1-2: Ball 2-2: Strikes out looking
|
| Top of the 9th over - 0 runs, 0 hits, 0 errors, 2 left on base; Detroit 1 - Toronto 1 |
| BOTTOM OF THE 9TH |
|
Toronto Blue Jays batting - Pitching for Detroit Tigers : RHP Eric Putnam
|
|
Batting: RHB Adam Burke
|
0-0: Called Strike 0-1: Ball 1-1: Swinging Strike 1-2: Foul Ball, location: 2F 1-2: Strikes out swinging, 2-3 out at first.
|
|
Batting: LHB Isto Mäyrä
|
0-0: Ball 1-0: Ball 2-0: Fly out, F8 (Flyball, 8RD, EV 100.0 MPH)
|
|
Batting: RHB Cole Zelinski
|
0-0: Called Strike 0-1: Foul Ball, location: 2F 0-2: Foul Ball, location: 2F 0-2: Ball 1-2: Fly out, F4 (Flyball, 4D, EV 85.6 MPH)
|
| Bottom of the 9th over - 0 runs, 0 hits, 0 errors, 0 left on base; Detroit 1 - Toronto 1 |
| TOP OF THE 10TH |
|
Detroit Tigers batting - Pitching for Toronto Blue Jays : LHP Katsumi Omura
|
|
Batting: RHB Adrian Novakovic
|
0-0: Ball 1-0: Swinging Strike 1-1: Called Strike 1-2: Strikes out swinging
|
|
Batting: RHB Danny Eberhart
|
0-0: Called Strike 0-1: Foul Ball, location: 2F 0-2: Ball 1-2: Strikes out looking
|
|
Batting: RHB Greg Harman
|
0-0: Called Strike 0-1: Foul Ball, location: 2F 0-2: Ball 1-2: Ball 2-2: Ball 3-2: Foul Ball, location: 2F 3-2: SINGLE (Groundball, 56D, EV 102.5 MPH)
|
|
Batting: LHB Morgan Black
|
0-0: Ball Greg Harman is caught stealing 2nd base 2-6
|
| Top of the 10th over - 0 runs, 1 hit, 0 errors, 0 left on base; Detroit 1 - Toronto 1 |
| BOTTOM OF THE 10TH |
|
Toronto Blue Jays batting - Pitching for Detroit Tigers : RHP Eric Putnam
|
|
Pitching: RHP Riso Profanter
|
|
|
Batting: SHB Matt Altieri
|
0-0: Foul Ball, location: 2F 0-1: Foul Ball, location: 2F 0-2: Ball 1-2: Ball 2-2: Ball 3-2: Strikes out looking
|
|
Pinch Hitting: LHB Gabe White
|
0-0: Foul Ball, location: 2F 0-1: Swinging Strike 0-2: Foul Ball, location: 2F 0-2: Foul Ball, location: 2F 0-2: SOLO HOME RUN (Flyball, 9D, EV 99.4 MPH), Distance : 361 ft
|
| Bottom of the 10th over - 1 run, 1 hit, 0 errors, 0 left on base; Detroit 1 - Toronto 2 |
| |
|
Game Over ... Toronto defeats Detroit, 2 to 1
|
|
|